 Dungeon Crawl Stone Soup version 0.26-a0-812-g31a745ddcd (webtiles) character file.

Game seed: 3400810071148243010

33 kae the Skirmisher (level 3, -1/33 HPs)
             Began as a Hill Orc Fighter on Dec 8, 2020.
             Slain by Natasha (7 damage)
             ... on level 1 of the Dungeon.
             The game lasted 00:01:01 (893 turns).

kae the Skirmisher (Hill Orc Fighter)                Turns: 893, Time: 00:01:02

Health: -1/33      AC:  6    Str: 19    XL:     3   Next: 29%
Magic:  3/3        EV:  7    Int:  8    God:
Gold:   34         SH:  9    Dex: 10    Spells: 2/2 levels left

rFire    . . .     SeeInvis .   a - +0 war axe
rCold    . . .     Faith    .   c - +0 kite shield
rNeg     . . .     Spirit   .   b - +0 scale mail
rPois    .         Reflect  .   (no helmet)
rElec    .         Harm     .   (no cloak)
rCorr    .         Rampage  .   (no gloves)
MR       .....                  (no boots)
Stlth    ..........             (no amulet)
HPRegen  0.11/turn              (no ring)
MPRegen  0.08/turn              (no ring)

@: slowed, very slow
A: no striking features
a: no special abilities


You were on level 1 of the Dungeon.
You visited 1 branch of the dungeon, and saw 2 of its levels.

You collected 34 gold pieces.

Inventory:

Hand Weapons
 a - a +0 war axe (weapon)
Armour
 b - a +0 scale mail (worn)
 c - a +0 kite shield (worn)
Jewellery
 f - an uncursed ring of protection from fire
Scrolls
 e - a scroll of remove curse {unknown}
 h - a scroll of blinking {unknown}
Potions
 d - a potion of might
 g - a potion of resistance {unknown}


   Skills:
 + Level 4.0 Fighting
 * Level 3.9 Axes
 + Level 3.6 Armour
 - Level 3.2 Shields


You had 2 spell levels left.
You didn't know any spells.
Your spell library was empty.

Dungeon Overview and Level Annotations

Branches:
Dungeon (2/15)

Altars:

Annotations:
D:1 Natasha


Message History

Natasha wildly gestures.
Natasha's front paws start to glow.
Natasha stares at you and mumbles some strange words.
You feel yourself slow down. The adder barely misses you.
You are too injured to fight recklessly!
You are too injured to fight recklessly!
You are too injured to fight recklessly!
You are too injured to fight recklessly!
You are too injured to fight recklessly!
You are too injured to fight recklessly!
There is a stone staircase leading up here.
You block the adder's attack. The adder barely misses you.
Natasha claws you but does no damage.
You climb upwards.
There is a stone staircase leading down here.
You completely miss Natasha. You closely miss the adder.
You block the adder's attack. Natasha claws you! The adder bites you.
* * * LOW HITPOINT WARNING * * *
Natasha claws you!
You die...

#.......# ##.....##
####.## ###(##### ##...##
#.# #.# ##'## #.# #.# #.#
#.# ###.#### #####.# #.#
.......# #...#.#######
#.#
.#####.####.#.........#
#.# †#
#.##...#..Sh.###.######.#
.#
#....#####.@............#
.#
#.##.......#...#.########
# .#####.###.###........#
# .......# #.# #...)....#
# ######## #.###.......##
# #....(.#...## ##
######.##.## ##.
#########.#### ##..
#......##.# ##..#


You could see Natasha and an adder.

Vanquished Creatures
  An ooze (D:1)
  A leopard gecko (D:1)
  3 giant cockroaches (D:1)
  6 goblins (D:1)
  A hobgoblin (D:1)
  A ball python (D:1)
  2 bats (D:1)
  2 frilled lizards (D:1)
  7 kobolds (D:1)
  2 rats (D:1)
26 creatures vanquished.

Vanquished Creatures (others)
  4 plants (D:1)
4 creatures vanquished.

Grand Total: 30 creatures vanquished

Notes
Turn   | Place    | Note
-------+----------+-------------------------------------------
     0 | D:1      | kae the Hill Orc Fighter began the quest for the Orb.
     0 | D:1      | Reached XP level 1. HP: 19/19 MP: 1/1
   231 | D:1      | Reached XP level 2. HP: 27/27 MP: 2/2
   605 | D:1      | Reached skill level 4 in Fighting
   768 | D:1      | Reached XP level 3. HP: 29/33 MP: 3/3
   885 | D:2      | Noticed Natasha
   893 | D:1      | Slain by Natasha

Illustrated notes

Levels and vault maps discovered:
D:1:      dpeg_chamrin_arrival_tetris, layout_loops_corners, serial_bayou_lake_a
D:2:      layout_basic, lemuel_zombie_altar_kikubaaqudgha, okawaru_trees_2,
          uniq_terence, uniq_jessica, uniq_natasha

Skill      XL: |  1  2 |
---------------+-------+-----
Axes           | 3 |  3.9
Fighting       | 4 |  4.0
Armour         | |  3.6
Shields        | |  3.2

Action                   || total
-------------------------++-------
Melee: War axe           ||    74
Armor: Scale mail        ||    28
Dodge: Dodged            ||    19
Block: Kite shield       ||    56

Table legend: (Time is in decaauts)
 A = Elapsed time spent in this place.
 B = Non-inter-level travel time spent in this place.
 C = Inter-level travel time spent in this place.
 D = Time resting spent in this place.
 E = Time spent auto-exploring this place.
 F = Levels seen in this place.
 G = Mean time per level.
                   A        B        C        D        E       F      G
               +--------+--------+--------+--------+--------+-----+--------+
         Total |    946 |    921 |     25 |      0 |    729 |   2 |  473.0 |
       Dungeon |    946 |    921 |     25 |      0 |    729 |   2 |  473.0 |
               +--------+--------+--------+--------+--------+-----+--------+

Top non-repeatable levels by time:
     D:1: 937 daAuts
     D:2: 9 daAuts
